 Dungeon Crawl Stone Soup version 0.29-a0-322-g68df515428 (webtiles) character file.

Game seed: 6715774924092803559

4 Hubjo the Sneak (level 1, 0/12 HPs)
             Began as a Deep Elf Wanderer on Apr 8, 2022.
             Slain by a ball python (1 damage)
             ... on level 1 of the Dungeon.
             The game lasted 00:00:39 (76 turns).

Hubjo the Sneak (Deep Elf Wanderer)                   Turns: 76, Time: 00:00:40

Health: 0/12       AC:  3    Str: 11    XL:     1   Next: 50%
Magic:  3/3        EV: 11    Int: 15    God:
Gold:   0          SH:  0    Dex: 13    Spells: 0/0 levels left

rFire   . . .      SeeInvis .   a - +3 hand axe
rCold   . . .      Faith    .   (no shield)
rNeg    . . .      Spirit   .   d - +0 robe
rPois   .          Reflect  .   b - +0 helmet
rElec   .          Harm     .   (no cloak)
rCorr   .          Rampage  .   (no gloves)
Will    .....                   (no boots)
Stlth   ++........              (no amulet)
HPRegen 0.04/turn               (no ring)
MPRegen 0.08/turn               (no ring)

@: about to teleport
A: no striking features
a: no special abilities


You were on level 1 of the Dungeon.
You visited 1 branch of the dungeon, and saw 1 of its levels.

Inventory:

Hand Weapons
 a - a +3 hand axe (weapon)
 f - a +0 mace of draining
Armour
 b - a +0 helmet (worn)
 d - a +0 robe (worn)
Scrolls
 c - a scroll of blinking


   Skills:
 * Level 1.6 Fighting
 - Level 1.5 Axes
 + Level 0.1 Dodging
 * Level 3.8 Stealth
 + Level 0.2 Spellcasting
 + Level 3.3 Evocations


You couldn't memorise any spells.
You didn't know any spells.
Your spell library was empty.

Dungeon Overview and Level Annotations

Branches:
Dungeon (1/15)

Altars:


Message History

There are monsters nearby!
You closely miss the ball python. The ball python closely misses you.
The ball python constricts you.
You closely miss the ball python. The ball python bites you.
The ball python constricts you. The ball python bites you.
The ball python constricts you.
You completely miss the ball python. You barely miss the quokka.
The ball python barely misses you. The ball python constricts you.
The quokka closely misses you.
You hit the ball python.
You kill the ball python!
You hit the quokka.
The frilled lizard hisses angrily.
You hear a shout!
An endoplasm comes into view.
The quokka closely misses you.
A gnoll comes into view. It is wielding a +0 spear.
The quokka closely misses you.
The ball python hisses angrily.
The gnoll shouts!
You hit the quokka.
You kill the quokka!
You hear a shout!
A kobold comes into view. It is wielding a +0 dagger.
The frilled lizard bites you but does no damage.
You barely miss the frilled lizard. The frilled lizard barely misses you.
The gnoll closely misses you.
As you read the scroll of teleportation, it crumbles to dust.
You feel strangely unstable. The ball python bites you.
The ball python grabs you. The ball python constricts you.
The endoplasm hits you but does no damage.
The frilled lizard bites you but does no damage.
The gnoll hits you from afar with a +0 spear.
* * * LOW HITPOINT WARNING * * *
You escape the ball python's grasp.
The frilled lizard attacks as you move away!
The frilled lizard closely misses you.
The ball python bites you but does no damage.
The ball python barely misses you.
The ball python attacks as you move away!
The ball python bites you.
You die...

..... #.
....# ..# #.
...#
#..##.#####
#####
#...#.....#
.....
##.........#
.....
...........#
...##
#........†.#
##...
...........#
##
.......@..##
#....lSJ..#
#.....Kg..#
##.......##
#.........
#.........#
#.........#
#.........#
#.........#


You could see a gnoll, an endoplasm, a ball python, a kobold and a frilled
lizard.

Vanquished Creatures
  A ball python (D:1)
  2 quokkas (D:1)
3 creatures vanquished.

Notes
Turn   | Place    | Note
-------+----------+-------------------------------------------
     0 | D:1      | Hubjo the Deep Elf Wanderer began the quest for the Orb.
     0 | D:1      | Hubjo set off with the following items: a +3 hand axe, a +0
                  | helmet, a scroll of blinking, a +0 robe
     0 | D:1      | Reached XP level 1. HP: 12/12 MP: 3/3
     9 | D:1      | Noticed a centaur
    76 | D:1      | Slain by a ball python

Illustrated notes

Levels and vault maps discovered:
D:1:      evilmike_arrival_come_back, layout_rooms,
          shapermc_ecumenical_altar_mp_vishouse

Action                   || total
-------------------------++-------
Melee: Hand axe          ||     7
  Use: Scroll            ||     2
 Stab: Sleeping          ||     1
Armor: Robe              ||     4
Dodge: Dodged            ||    10

Table legend: (Time is in decaauts)
 A = Elapsed time spent in this place.
 B = Non-inter-level travel time spent in this place.
 C = Inter-level travel time spent in this place.
 D = Time resting spent in this place.
 E = Time spent auto-exploring this place.
 F = Levels seen in this place.
 G = Mean time per level.
                   A        B        C        D        E       F      G
               +--------+--------+--------+--------+--------+-----+--------+
         Total |     77 |     74 |      3 |      0 |     50 |   1 |   77.0 |
       Dungeon |     77 |     74 |      3 |      0 |     50 |   1 |   77.0 |
               +--------+--------+--------+--------+--------+-----+--------+

Top non-repeatable levels by time:
     D:1: 77 daAuts
